 Dungeon Crawl Stone Soup version 0.17-a0-1793-gcbb3aa1 (webtiles) character file.

11 thrall606 the Grave Robber (level 2, 19/19 (20) HPs)
             Began as a Ghoul Necromancer on Sept 9, 2015.
             Quit the game on level 2 of the Dungeon.
             The game lasted 00:03:22 (859 turns).

thrall606 the Grave Robber (Ghoul Necromancer)       Turns: 859, Time: 00:03:22

HP:   19/19 (20)    AC:  2    Str: 11    XL:     2   Next: 29%
MP:   2/3           EV: 12    Int: 10    God:
Gold: 51            SH:  0    Dex:  9    Spells: 2 memorised, 2 levels left

rFire  . . .     SeeInvis .     (no weapon)
rCold  + . .     Clarity  .     a - +0 robe
rNeg   + + +     SustAt   .     (no shield)
rPois  ∞         Gourm    .     (no helmet)
rElec  .         Spirit   .     (no cloak)
rCorr  .         Warding  .     (no gloves)
rMut   .         Stasis   .     (no boots)
MR     .....                    (no amulet)
Stlth  ++........               (no ring)
                                (no ring)

@: rotting, not resistant to hostile enchantments, unstealthy
A: rotting body, claws 1, carnivore 3, cold resistance 1, negative energy
resistance 3, slow healing 1, torment resistance, unbreathing
a: no special abilities


You were on level 2 of the Dungeon.
You were not hungry.

You visited 1 branch of the dungeon, and saw 2 of its levels.

You collected 51 gold pieces.

Inventory:

Armour
 a - a +0 robe (worn)
Scrolls
 e - a scroll of identify {unknown}
 h - a scroll of teleportation
Potions
 g - a potion of magic
Books
 b - a book of Necromancy

   Spells                             Type                      Level
   a - Pain                           Necromancy                   1
   b - Animate Skeleton               Necromancy                   1
   c - Vampiric Draining              Necromancy                   3
   d - Regeneration                   Charms/Necromancy            3
   e - Animate Dead                   Necromancy                   4
   f - Control Undead                 Necromancy                   4
Comestibles
 c - a meat ration
 d - a beef jerky
 f - a chunk of flesh


   Skills:
 + Level 1.9 Dodging
 + Level 2.4 Stealth
 + Level 1.9 Spellcasting
 + Level 4.2 Necromancy


You had 2 spell levels left.
You knew the following spells:

 Your Spells              Type           Power        Failure   Level  Hunger
a - Pain                  Necr           #...         8%          1    ##.....
b - Animate Skeleton      Necr           N/A          8%          1    ##.....


Dungeon Overview and Level Annotations

Branches:
Dungeon (2/15)

Altars:


Innate Abilities, Weirdness & Mutations

Your body is rotting away.
You thrive on raw meat.
You are immune to poison.
You have sharp fingernails.
You are carnivorous and can eat meat at any time.
Your flesh is cold resistant.
You are immune to negative energy.
You heal slowly when monsters are visible.
You are immune to unholy pain and torment.
You can survive without breathing.


Message History

Press: ? - help, Shift-Dir - straight line, f - bat
Aim: a bat (chance to defeat MR: 88%)
The bat convulses in agony!
The bat hits you but does no damage.
Casting: Pain
Confirm with . or Enter, or press ? or * to list all spells.
Aiming: Pain
Press: ? - help, Shift-Dir - straight line, f/p - bat
Aim: a bat (heavily wounded, chance to defeat MR: 88%)
The bat convulses in agony!
You kill the bat!
Found 9 gold pieces.
You see here a bat corpse.
You butcher the bat corpse.
f - a chunk of flesh Welcome back, thrall606 the Ghoul Necromancer.
Press ? for a list of commands and other information.
Found 11 gold pieces.
Found a stone staircase leading up.
You now have 40 gold pieces (gained 9).
You now have 51 gold pieces (gained 11).
Are you sure you want to abandon this character and quit the game? (Confirm with "yes".)

## #. ## #.. .####
#..#####.....
...#.....
#.#..############
#@..............#
##.#.##########.#
#.#.# #####.##
....# #.......
#<.#.######.###.##
..........#.###.#
........(..<..##.#
##..#.####(....#.#
..^......#


There were no monsters in sight!

Vanquished Creatures
  A hobgoblin (D:1)
  A kobold (D:1)
  2 bats
  2 giant newts (D:1)
  3 goblins (D:1)
  4 rats (D:1)
13 creatures vanquished.

Notes
Turn   | Place    | Note
--------------------------------------------------------------
     0 | D:1      | thrall606 the Ghoul Necromancer began the quest for the Orb.
     0 | D:1      | Reached XP level 1. HP: 14/14 MP: 2/2
   381 | D:1      | Reached XP level 2. HP: 12/20 MP: 0/3
   400 | D:1      | Learned a level 1 spell: Animate Skeleton
   859 | D:2      | Quit the game

Vault maps used:
D:1:      dpeg_arrival_chase, minivault_24, serial_bayou_lagoon_a
D:2:      lemuel_crystal_altar, nemelex_diamond_rough_becter

Action                   || total
-------------------------++-------
Melee: Unarmed           ||    27
 Cast: Pain              ||    15
  Use: Potion            ||     3
       Scroll            ||     2
  Eat: Chunk             ||     1
